 Dungeon Crawl Stone Soup version 0.31-a0-232-gb1c03b2570 (webtiles) character file.

Game seed: 8669002116353664547

222 qw the Covered (level 5, -2/30 HPs)
             Began as a Gargoyle Hexslinger on July 7, 2023.
             Killed by divine providence
             ... invoked by an orc priest
              (11 damage)
             ... on level 2 of the Dungeon.
             The game lasted 00:00:55 (1567 turns).

qw the Covered (Gargoyle Hexslinger)                Turns: 1567, Time: 00:00:55

Health: -2/30      AC: 13    Str: 11    XL:     5   Next: 99%
Magic:  6/6        EV: 10    Int: 14    God:
Gold:   62         SH:  0    Dex: 14    Spells: 5/6 levels left

rFire   . . .        Y - +1 sling
rCold   . . .        (no shield)
rNeg    + . .        e - +0 ring mail
rPois   inf          (no helmet)
rElec   +            (no cloak)
rCorr   .            (no gloves)
SInv    .            (no boots)
Will    .....        (no amulet)
Stlth   +            k - +4 ring of protection
HPRegen 0.25/turn    (no ring)
MPRegen 0.10/turn

%: no passive effects
@: no status effects
A: sickness immunity, AC +4, negative energy resistance 1, electricity
resistance, torment resistance 1, petrification resistance
a: no special abilities


You were on level 2 of the Dungeon.
You visited 1 branch of the dungeon, and saw 2 of its levels.

You collected 62 gold pieces.


Innate Abilities, Weirdness & Mutations

You are immune to sickness and miasma.
Your stone body is resilient. (AC +4)
You are immune to poison.
You resist negative energy. (rN+)
You are resistant to electric shocks. (rElec)
You are resistant to unholy torment.
You are immune to petrification.


   Skills:
 - Level 2.0 Fighting
 + Level 4.0 Ranged Weapons
 - Level 4.3 Armour
 - Level 1.5 Dodging
 - Level 1.0 Spellcasting
 - Level 2.6 Hexes


You had 5 spell levels left.
You knew the following spells:

 Your Spells              Type           Power      Damage    Failure   Level
a - Slow                  Hex            32%        N/A       19%         1

Your spell library contained the following spells:

 Spells                   Type           Power      Damage    Failure   Level
 Inner Flame              Hex/Fire       4%         N/A       69%         3
 Portal Projectile        Hex/Tloc       8%         N/A       69%         3
 Cause Fear               Hex            4%         N/A       88%         4

Inventory:

Hand Weapons
 Y - a +1 sling (weapon)
Armour
 e - a +0 ring mail (worn)
Jewellery
 k - a +4 ring of protection (left hand)
Potions
 i - a potion of haste {unknown}

Dungeon Overview and Level Annotations

Branches:
Dungeon (2/15)

Altars:


Message History

1550 ||| STILL FLEEEEING.
1551 ||| STILL FLEEEEING.
Something hits you but does no damage.
1552 ||| STILL FLEEEEING.
Something hits you.
1553 ||| STILL FLEEEEING.
Something completely misses you.
1554 ||| STILL FLEEEEING.
An orc comes into view. It is wielding a +0 hand axe.
1555 ||| FLEEEEING.
1556 ||| STILL FLEEEEING.
Something hits you but does no damage.
1557 ||| STILL FLEEEEING.
Something hits you but does no damage.
Enter note:
1558 ||| STILL FLEEEEING.
Enter note:
1559 ||| FLEEEEING.
You hear some strange, mumbled words.
You are confused.
Something hits you but does no damage.
An orc priest comes into view. It is wielding a +0 dagger.
The orc priest shouts!
Something hits you but does no damage. The orc closely misses you.
Something hits you but does no damage. The orc closely misses you.
You feel less confused. Something hits you.
The orc hits you with a +0 hand axe.
The orc priest hits you with a +0 dagger.
You shoot a sling bullet. The sling bullet hits the orc priest.
The orc priest is moderately wounded.
An orc wizard appears from thin air!
Reactivating autopickup.
The orc wizard hits you but does no damage.
The orc closely misses you.
The orc priest hits you but does no damage.
The orc wizard closely misses you. The orc hits you but does no damage.
The orc priest mumbles some strange prayers to Beogh against you.
Beogh smites you!
You shoot a sling bullet.
The sling bullet barely misses the orc wizard.
The orc wizard hits you but does no damage.
The orc hits you with a +0 hand axe.
The orc priest mumbles some strange prayers to Beogh against you.
Beogh smites you!
You die...

######### ........#
############### #........#
#...#.#.#.#.#.# #........#
#.##.#.#.#.#.#.#
#........#####
#o..###.###.###o#
#............###o##.#.#.#.#.#
#. #........#.#...@o..#.# #o#
#.# # #........#..####o.####
### ## #........##....####
#####..####..## .####
#...###...##.....
#.#...##%........
#......<.........
....................
.............).......


You could see an orc priest, an orc wizard and 2 orcs.

Vanquished Creatures
  Sigmund (D:2)
  2 adders (D:1)
  A dart slug (D:1)
  5 orcs
  6 bats
  An endoplasm (D:1)
  A giant cockroach (D:1)
  4 goblins (D:1)
  6 hobgoblins (D:1)
  7 jackals
  A quokka (D:1)
  6 ball pythons
  A frilled lizard (D:1)
  A kobold (D:1)
  2 rats (D:1)
45 creatures vanquished.

Notes
Turn   | Place    | Note
-------+----------+-------------------------------------------
     0 | D:1      | qw the Gargoyle Hexslinger began the quest for the Orb.
     0 | D:1      | Reached XP level 1. HP: 12/12 MP: 2/2
     0 | D:1      | 0 ||| qw: Version: 0.3-a-46-gb1f654a
     0 | D:1      | 0 ||| qw: Game counter: 2480
     0 | D:1      | 0 ||| qw: Melee chars always use a shield: true
     0 | D:1      | 0 ||| qw: God list: Okawaru
     0 | D:1      | 0 ||| qw: Allow faded altars: false
     0 | D:1      | 0 ||| qw: Do Orc after clearing Dungeon:15 true
     0 | D:1      | 0 ||| qw: Do second Lair branch before Depths: true
     0 | D:1      | 0 ||| qw: Lair rune preference: random
     0 | D:1      | 0 ||| qw: Goals: Normal
     0 | D:1      | 0 ||| PLANNING D:1-11
    73 | D:1      | Reached XP level 2. HP: 16/16 MP: 3/3
    84 | D:1      | Reached skill level 3 in Ranged Weapons
   213 | D:1      | Reached XP level 3. HP: 21/21 MP: 4/4
   866 | D:1      | 866 ||| UPGRADING to +0 ring mail.
   876 | D:1      | 876 ||| DROPPING +0 robe.
   877 | D:1      | 877 ||| DROPPING ring of flight.
   878 | D:1      | 878 ||| UPGRADING to +4 ring of protection.
   879 | D:1      | 879 ||| READING scroll labelled INUATE SUEMYCS.
   880 | D:1      | 880 ||| READING scroll labelled NOQAOCSUTEO.
   883 | D:1      | 883 ||| READING scroll labelled KOYSUU SUVAELEQERCH.
   884 | D:1      | 884 ||| DRINKING 2 metallic amethyst potions.
   885 | D:1      | 885 ||| DROPPING scroll of poison.
   886 | D:1      | 886 ||| DROPPING potion of brilliance.
   910 | D:2      | Noticed Sigmund
   916 | D:2      | 916 ||| STAIRDANCE
   918 | D:2      | 918 ||| STAIRDANCE
   944 | D:2      | 944 ||| STAIRDANCE
   949 | D:1      | Reached XP level 4. HP: 12/26 MP: 5/5
  1011 | D:2      | 1011 ||| STAIRDANCE
  1029 | D:2      | 1029 ||| STAIRDANCE
  1070 | D:2      | 1070 ||| STAIRDANCE
  1118 | D:2      | 1118 ||| STAIRDANCE
  1202 | D:1      | 1202 ||| READING scroll labelled DIEKODARRE.
  1208 | D:2      | 1208 ||| STAIRDANCE
  1238 | D:2      | 1238 ||| STAIRDANCE
  1240 | D:2      | 1240 ||| STAIRDANCE
  1242 | D:2      | 1242 ||| STAIRDANCE
  1244 | D:2      | 1244 ||| STAIRDANCE
  1325 | D:2      | 1325 ||| STAIRDANCE
  1349 | D:2      | 1349 ||| STAIRDANCE
  1386 | D:2      | 1386 ||| STAIRDANCE
  1388 | D:2      | 1388 ||| STAIRDANCE
  1425 | D:2      | 1425 ||| STAIRDANCE
  1427 | D:2      | 1427 ||| STAIRDANCE
  1440 | D:2      | 1440 ||| STAIRDANCE
  1450 | D:2      | 1450 ||| STAIRDANCE
  1490 | D:2      | Killed Sigmund
  1491 | D:2      | Reached XP level 5. HP: 30/30 MP: 6/6
  1547 | D:2      | 1547 ||| FLEEEEING.
  1555 | D:2      | 1555 ||| FLEEEEING.
  1559 | D:2      | 1559 ||| FLEEEEING.
  1567 | D:2      | Killed from afar by an orc priest

Levels and vault maps discovered:
D:1:      dpeg_arrival_leaves_temple_mockup, layout_basic
D:2:      layout_rooms, basic_altar, roderic_roman_lattice, uniq_robin,
          uniq_sigmund

Skill      XL: |  1  2  3  4 |
---------------+-------------+-----
Ranged Weapons | 3 4 |  4.0
Fighting       | 2 |  2.0
Armour         | 4 |  4.3
Dodging        | |  1.5
Spellcasting   | |  1.0
Hexes          | |  2.6

Action                     |  1- 3 |  4- 6 || total
---------------------------+-------+-------++-------
   Fire: Sling             |   102 |   106 ||   208
    Use: Scroll            |     3 |     1 ||     4
         Potion            |     1 |       ||     1
 Armour: Robe              |    13 |       ||    13
         Ring mail         |    33 |    72 ||   105
  Dodge: Dodged            |    60 |    78 ||   138

Table legend:
 A = Non-vault XP
 B = Vault XP
 C = Vault XP percentage of total XP
 D = Non-vault monster count
 E = Vault monster count
 F = Vault count percentage of total count
                 A         B        C        D         E       F
            +---------+---------+-------+---------+---------+-------
      Total |     108 |     210 |  66.0 |      44 |       1 |   2.2
            +---------+---------+-------+---------+---------+-------
        D:1 |      99 |       0 |   0.0 |      39 |       0 |   0.0
        D:2 |       9 |     210 |  95.9 |       5 |       1 |  16.7
            +---------+---------+-------+---------+---------+-------
